 Dungeon Crawl Stone Soup version 0.25-a0-578-gc91f01c39c (webtiles) character file.

Game seed: 7038319269603313932, levelgen mode: deterministic

15 An17 the Ruffian (level 2, 0/25 HPs)
             Began as a Naga Transmuter on Mar 4, 2020.
             Slain by a frilled lizard (1 damage)
             ... on level 1 of the Dungeon.
             The game lasted 00:01:28 (365 turns).

An17 the Ruffian (Naga Transmuter)                   Turns: 365, Time: 00:01:28

Health: 0/25       AC:  1    Str: 12    XL:     2   Next: 50%
Magic:  4/5        EV: 10    Int: 13    God:
Gold:   58         SH:  0    Dex: 11    Spells: 2/5 levels left

rFire    . . .     SeeInvis +     - Unarmed
rCold    . . .     Gourm    .   (no shield)
rNeg     . . .     Faith    .   b - +0 robe
rPois    +         Spirit   .   (no helmet)
rElec    .         Reflect  .   (no cloak)
rCorr    .         Harm     .   (no gloves)
MR       .....                  (no barding)
Stlth    +.........             (no amulet)
HPRegen  0.08/turn              (no ring)
MPRegen  0.09/turn              (no ring)

@: appendage (expiring), very slightly contaminated, very slow
A: large, horns 2, see invisible, deformed body, poison resistance, slowness 2,
slow metabolism 1, spit poison 1, AC +0
a: Spit Poison, End Transformation


You were on level 1 of the Dungeon.
You were not hungry.
You had grown temporary horns.
You visited 1 branch of the dungeon, and saw 1 of its levels.

You collected 58 gold pieces.

Inventory:

Missiles
 a - 12 arrows
Armour
 b - a +0 robe (worn)
Scrolls
 c - a scroll of identify {unknown}
Comestibles
 d - 3 rations


   Skills:
 + Level 1.0 Fighting
 + Level 1.6 Dodging
 + Level 3.6 Unarmed Combat
 + Level 2.0 Spellcasting
 + Level 2.1 Transmutations


You had 2 spell levels left.
You knew the following spells:

 Your Spells              Type           Power        Failure   Level  Hunger
a - Beastly Appendage     Tmut           #.....       11%         1    ##.....
b - Sticks to Snakes      Tmut           #.......     16%         2    ###....

Your spell library contained the following spells:

 Spells                   Type           Power        Failure   Level  Hunger
 Spider Form              Tmut/Pois      #.........   43%         3    ####...
 Ice Form                 Ice/Tmut       #.......     85%         4    #####..
 Blade Hands              Tmut           #.........   96%         5    ######.


Dungeon Overview and Level Annotations

Branches:
Dungeon (1/15)

Altars:


Innate Abilities, Weirdness & Mutations

You cannot wear boots.
Your serpentine skin is tough. (AC +0)
You have supernaturally acute eyesight. (SInv)
Armour fits poorly on your strangely shaped body.
Your system is resistant to poisons. (rPois)
You cover ground very slowly.
You have a slow metabolism.
You can spit poison.
You have a pair of horns on your head.


Message History

The hobgoblin hits you but does no damage.
The leopard gecko bites you. The frilled lizard bites you.
You barely miss the hobgoblin.
The hobgoblin is moderately wounded.
The hobgoblin barely misses you. The leopard gecko bites you.
The frilled lizard bites you.
* * * LOW HITPOINT WARNING * * *
You closely miss the hobgoblin.
The hobgoblin is moderately wounded.
The hobgoblin hits you with a +0 club.
* * * LOW HITPOINT WARNING * * *
The leopard gecko bites you.
* * * LOW HITPOINT WARNING * * *
Your transformation is almost over.
The frilled lizard closely misses you. The leopard gecko bites you.
* * * LOW HITPOINT WARNING * * *
The leopard gecko closely misses you. The frilled lizard bites you.
You die...

############
#..........#
#...........
###....$......
#.............
#..lg.........
#..l..........
##@###.#####..
####'###.# . #........#
#........# #.....).(#
####...#(#
############.#.#
#............#.#
##############.#########


You could see a leopard gecko, a hobgoblin and a frilled lizard.

Vanquished Creatures
  An ooze (D:1)
  A bat (D:1)
  4 goblins (D:1)
  A hobgoblin (D:1)
  A kobold (D:1)
  2 rats (D:1)
10 creatures vanquished.

Notes
Turn   | Place    | Note
-------+----------+-------------------------------------------
     0 | D:1      | An17 the Naga Transmuter began the quest for the Orb.
     0 | D:1      | Reached XP level 1. HP: 18/18 MP: 3/3
    60 | D:1      | Reached XP level 2. HP: 12/25 MP: 3/5
    64 | D:1      | Learned a level 2 spell: Sticks to Snakes
   363 | D:1      | HP: 1/25 [leopard gecko (1)]
   365 | D:1      | Slain by a frilled lizard

Levels and vault maps discovered:
D:1:      minmay_arrival_floating_metal, layout_basic

Action                   || total
-------------------------++-------
Melee: Unarmed           ||    30
       Headbutt          ||     3
 Cast: Beastly Appendage ||     6
Armor: Robe              ||     8
Dodge: Dodged            ||    23

Table legend:
 A = Non-vault XP
 B = Vault XP
 C = Vault XP percentage of total XP
 D = Non-vault monster count
 E = Vault monster count
 F = Vault count percentage of total count
                 A         B        C        D         E       F
            +---------+---------+-------+---------+---------+-------
      Total |      22 |       0 |   0.0 |      10 |       0 |   0.0
            +---------+---------+-------+---------+---------+-------
        D:1 |      22 |       0 |   0.0 |      10 |       0 |   0.0
            +---------+---------+-------+---------+---------+-------
